AoeStats
← Jassassinator

Arena

510164986Analyzed
4v4 RM · 2d ago on Sep 29, 2026· 57m 50s· 8 players
Game mode
Random Map
Map size
Large (8 player)
Population
200
Speed
Normal
Resources
Standard
Victory
Conquest
Starting age
Dark Age
Ending age
Imperial Age
RankedLock teamsTeams togetherTeam positionsShared explorationLock speedFull tech treeHidden civsTurbo modeCheats
Victory
Defeat
🇵🇪 Byzantines · Peru
740
+15
🇧🇷 Huns · Brazil
704
+16
🇵🇪 Inca · Peru
599
+20
🇺🇸 Japanese · United States
579
+22
🇫🇷 Bulgarians · France
737
-20
🇩🇪 Cumans · Germany
737
-20
🇫🇷 Sicilians · France
681
-17
🇹🇷 Persians · Türkiye
652
-16
demirovsky
5:44 Loom
12:21 Feudal Age
13:15 Arson
16:15 Double-Bit Axe
19:02 Castle Age
17:41 Horse Collar
18:48 Stone Mining
18:55 Gold Mining
20:32 Heavy Plow
31:25 Imperial Age
29:42 Bow Saw
31:01 Wheelbarrow
30:13 Town Watch
32:10 Gold Shaft Mining
32:45 Caravan
35:21 Chemistry
34:39 Hand Cart
37:22 Town Patrol
37:58 Crop Rotation
38:31 Two-Man Saw
38:08 Stone Shaft Mining
40:33 Husbandry
40:45 Bloodlines
44:14 Conscription
43:58 Kamandaran
45:15 Citadels
50:13 Crossbowman
52:27 Thumb Ring
alexisben78
0:42 Loom
11:42 Feudal Age
12:19 Double-Bit Axe
22:21 Castle Age
19:55 Man-at-Arms
22:11 Forging
21:52 Fletching
23:29 Long Swordsman
24:45 Pikeman
28:42 Bow Saw
29:42 Gold Mining
29:46 Stone Mining
36:35 Imperial Age
35:31 Scale Mail Armor
38:19 First Crusade
38:48 Capped Ram
43:42 Murder Holes
43:30 Halberdier
46:35 Chain Mail Armor
46:55 Iron Casting
48:51 Chemistry
49:51 Crossbowman
53:04 Plate Mail Armor
52:36 Padded Archer Armor
53:04 Two-Handed Swordsman
53:33 Gambesons
53:53 Squires
kriber
0:52 Loom
16:08 Feudal Age
16:41 Horse Collar
16:50 Double-Bit Axe
21:01 Stone Mining
21:11 Gold Mining
24:59 Castle Age
23:32 Bloodlines
23:35 Forging
23:31 Scale Barding Armor
23:34 Scale Mail Armor
23:45 Fletching
28:34 Bow Saw
28:27 Heavy Plow
29:05 Gold Shaft Mining
29:07 Stone Shaft Mining
29:18 Husbandry
29:56 Iron Casting
29:42 Chain Barding Armor
29:18 Bodkin Arrow
29:16 Town Watch
31:34 Stirrups
35:39 Imperial Age
34:52 Murder Holes
35:00 Caravan
38:34 Crop Rotation
40:32 Wheelbarrow
39:59 Town Patrol
42:39 Hand Cart
42:49 Elite Konnik
44:54 Blast Furnace
44:30 Plate Barding Armor
44:54 Siege Engineers
45:55 Conscription
48:41 Chain Mail Armor
48:38 Squires
VaughnViktor
14:20 Feudal Age
17:09 Wheelbarrow
17:33 Double-Bit Axe
18:22 Horse Collar
22:27 Loom
25:20 Castle Age
24:00 Gold Mining
24:01 Stone Mining
24:47 Loom
28:27 Hand Cart
28:51 Man-at-Arms
31:18 Long Swordsman
37:51 Imperial Age
35:49 Squires
35:35 Arson
36:57 Caravan
40:11 Heated Shot
40:27 Scale Mail Armor
40:38 Forging
40:18 Fletching
40:29 Padded Archer Armor
40:00 Elite Kipchak
40:21 Two-Handed Swordsman
43:02 Champion
44:13 Pikeman
Jassassinator
0:31 Loom
13:44 Feudal Age
14:33 Double-Bit Axe
16:15 Wheelbarrow
17:34 Horse Collar
19:34 Stone Mining
19:37 Gold Mining
22:58 Castle Age
24:12 Bow Saw
24:57 Caravan
25:18 Heavy Plow
28:15 Hand Cart
30:33 Imperial Age
30:00 Gold Shaft Mining
29:41 Forging
30:49 Elite Samurai
32:39 Conscription
33:15 Scale Mail Armor
33:51 Iron Casting
32:42 Pikeman
33:24 Squires
33:10 Arson
36:13 Chemistry
35:25 Masonry
36:19 Gambesons
38:26 Kataparuto
39:57 Blast Furnace
38:45 Treadmill Crane
41:43 Two-Man Saw
40:19 Halberdier
41:27 Chain Mail Armor
42:57 Plate Mail Armor
42:18 Fletching
Stian_sv
1:02 Loom
9:35 Feudal Age
10:59 Wheelbarrow
10:10 Double-Bit Axe
10:15 Horse Collar
11:43 Gold Mining
14:55 Stone Mining
22:01 Castle Age
23:23 Bow Saw
23:31 Hand Cart
24:00 Gold Shaft Mining
24:02 Stone Shaft Mining
26:57 Fortified Wall
28:03 Treadmill Crane
31:59 Imperial Age
30:08 Murder Holes
32:34 Forging
32:29 Scale Barding Armor
34:01 Two-Man Saw
33:05 Heavy Plow
35:10 Heavy Camel Rider
36:55 Iron Casting
36:40 Chain Barding Armor
38:45 Chain Barding Armor
39:14 Crop Rotation
42:43 Chemistry
42:03 Ballistics
42:25 Plate Barding Armor
41:51 Scale Mail Armor
45:36 Logistica
45:46 Conscription
45:27 Greek Fire
46:28 Fletching
46:54 Chain Mail Armor
46:39 Padded Archer Armor
49:26 Elite Cataphract
58:04 Plate Mail Armor
57:49 Leather Archer Armor
57:29 Bodkin Arrow
DISK PIZZA
10:34 Feudal Age
11:51 Wheelbarrow
11:05 Double-Bit Axe
11:23 Horse Collar
17:58 Castle Age
17:32 Stone Mining
25:42 Heavy Plow
25:54 Bow Saw
26:10 Gold Mining
26:38 Bloodlines
26:28 Husbandry
32:48 Imperial Age
31:26 Marauders
33:55 Illumination
33:58 Conscription
44:25 Elite Tarkan
45:16 Scale Barding Armor
45:22 Forging
47:15 Chain Barding Armor
47:31 Iron Casting
50:02 Plate Barding Armor
50:28 Blast Furnace
KOKINJORGEHZ
0:54 Loom
14:05 Feudal Age
15:31 Wheelbarrow
14:44 Double-Bit Axe
14:42 Horse Collar
19:46 Castle Age
19:58 Arson
21:25 Caravan
21:34 Pikeman
22:31 Stone Mining
22:59 Hand Cart
25:59 Bow Saw
26:39 Squires
26:01 Elite Skirmisher
26:38 Fletching
30:33 Thumb Ring
39:39 Imperial Age
43:32 Treadmill Crane
43:43 Heated Shot
44:54 Chemistry
43:53 Murder Holes
45:06 Heavy Plow
46:20 Halberdier
48:34 Forging
50:13 Stone Shaft Mining
51:51 Guilds
54:18 Hoardings
53:45 Andean Sling
54:22 Capped Ram
55:36 Siege Ram
57:12 Elite Kamayuk
Connection lost

Rejoining the realm…

Still unreachable

The connection could not be restored.

Session expired

The server has moved on; the page needs a fresh start.